 Dungeon Crawl Stone Soup version 0.21.0-3-g78d12a8 (webtiles) character file.

15736 Moloch the Black Belt (level 12, -20/61 HPs)
             Began as a Vine Stalker Fighter on Jan 10, 2018.
             Was a High Priest of Okawaru.
             Demolished by a tyrant leech (24 damage)
             ... on level 3 of the Lair of Beasts.
             The game lasted 00:18:29 (8799 turns).

Moloch the Black Belt (Vine Stalker Fighter)        Turns: 8799, Time: 00:18:29

Health: -20/61     AC: 13    Str: 19    XL:     12   Next: 30%
Magic:  0/15       EV: 11    Int:  8    God:    Okawaru [*****.]
Gold:   614        SH: 11    Dex: 19    Spells: 11/11 levels left

rFire    . . .     SeeInvis .     - Unarmed
rCold    . . .     Gourm    .   b - +0 shield
rNeg     + . .     Faith    .   p - +0 chain mail
rPois    +         Spirit   +   (no helmet)
rElec    .         Reflect  .   (no cloak)
rCorr    .         Harm     .   J - +1 pair of gloves {archery}
MR       +....                  (no boots)
Stlth    ..........             h - amulet of rage
HPRegen  1.00/turn              o - ring of poison resistance
MPRegen  0.14/turn              A - ring of positive energy

@: lethally poisoned (-20 -> -20), heroism
A: fangs 3, regeneration 2, magic shield, antimagic bite, no potion heal 3, rot
immunity
a: Heroism, Finesse, Renounce Religion, Evoke Berserk Rage


You were on level 3 of the Lair of Beasts.
You worshipped Okawaru.
Okawaru was extremely pleased with you.
You were not hungry.

You visited 2 branches of the dungeon, and saw 11 of its levels.
You also visited: Sewer.

You collected 614 gold pieces.

Inventory:

Armour
 b - a +0 shield (worn)
 p - a +0 chain mail (worn)
 J - a +1 pair of gloves of archery (worn)
Jewellery
 h - an amulet of rage (around neck)
 o - a ring of poison resistance (left hand)
 A - a ring of positive energy (right hand)
 G - an uncursed ring of wizardry
Wands
 y - a wand of polymorph (9)
 z - a wand of scattershot (4)
 F - a wand of flame (53)
Scrolls
 a - 5 scrolls of magic mapping {unknown}
 e - 14 scrolls of remove curse {unknown}
 f - 3 scrolls of fear {unknown}
 k - 3 scrolls of immolation {unknown}
 l - 6 scrolls of teleportation
 m - 5 scrolls of amnesia {unknown}
 n - a scroll of enchant armour {unknown}
 q - 8 scrolls of identify {unknown}
 r - a scroll of blinking {unknown}
 w - a scroll of enchant weapon {unknown}
 I - a scroll of summoning {unknown}
Potions
 c - a potion of might
 g - 4 potions of heal wounds
 i - a potion of degeneration {unknown}
 j - 4 potions of lignification {unknown}
 s - 3 potions of flight {unknown}
 t - 2 potions of brilliance {unknown}
 u - 7 potions of curing {unknown}
 v - 2 potions of berserk rage {unknown}
 x - 2 potions of haste {unknown}
 B - a potion of agility {unknown}
 C - 2 potions of invisibility {unknown}
Comestibles
 d - 22 rations
 D - 10 chunks of flesh


   Skills:
 * Level 6.1(11.1) Fighting
 + Level 4.5(9.5) Armour
 * Level 2.8(7.8) Dodging
 - Level 2.6(7.6) Shields
 * Level 16.5(21.5) Unarmed Combat
 - Level 2.8 Evocations


You had 11 spell levels left.
You didn't know any spells.

Dungeon Overview and Level Annotations

Branches:
Dungeon (8/15)             Temple (0/1) D:6            Lair (3/6) D:8
 Spider (0/4) Lair:3
  Swamp: Lair:2-4    Shoals: Lair:2-4

Altars:
Cheibriados
Elyvilon
Fedhas
Gozag
Hepliaklqana
Kikubaaqudgha
Okawaru
Trog
Uskayaw
Vehumet
Xom
Yredelemnul
Zin
The Shining One

Annotations:
D:6 exclusion: oklob plant


Innate Abilities, Weirdness & Mutations

You have razor-sharp teeth.
You heal very quickly.
When hurt, damage is shared between your health and your magic reserves.
Your bite disrupts and absorbs the magic of your enemies.
Potions cannot restore your health.
You are immune to rotting.


Message History

You block the tyrant leech's attack.
You closely miss the tyrant leech. Your bite misses the tyrant leech.
The tyrant leech is severely wounded.
You feel sick.
You punch the tyrant leech! You bite the tyrant leech. You drain its power.
You feel invigorated.
The tyrant leech is almost dead.
The tyrant leech bites you!
* * * LOW HITPOINT WARNING * * *
The tyrant leech draws strength from your injuries!
You closely miss the tyrant leech. Your bite misses the tyrant leech.
The tyrant leech is almost dead.
You feel sick.
You pummel the tyrant leech!!
You kill the tyrant leech!
Okawaru accepts your kill.
It was a potion of heal wounds.
That seemed strangely inert.
You feel sick.
You feel more confident with your borrowed prowess.
You feel sick. The tyrant leech bites you!!
You die...

#...##
#..##
##.###
#...P#
###..##
##..#
##.##
#..#
##@#
#w# ...
♣♣♣♣♣


You could see a tyrant leech.

Vanquished Creatures
  A hydra (Lair:3)
  Nergalle (Lair:2)
  3 elephants (Lair:2)
  5 spiny frogs
  A komodo dragon (Lair:2)
  A tyrant leech (Lair:3)
  Grinder (Sewer)
  4 blink frogs (Lair:2)
  5 hippogriffs
  3 hungry ghosts
  2 basilisks
  16 yaks
  Eustachio (D:5)
  5 water moccasins
  12 porcupines
  An ice beast (D:5)
  2 sky beasts
  3 black bears
  2 phantoms
  10 wolves
  6 ogres
  2 centaurs (D:5)
  8 crocodiles
  2 big kobolds (Sewer)
  3 bullfrogs
  3 scorpions
  8 killer bees
  An electric eel (Lair:2)
  3 howler monkeys
  A quasit (Sewer)
  A centaur zombie (D:7)
  5 crimson imps
  3 orc priests
  A centaur skeleton (D:4)
  2 hounds (D:5)
  3 jellies (D:8)
  3 orc wizards
  3 iguanas
  7 worker ants
  2 big kobold zombies (Sewer)
  A worker ant zombie (D:5)
  12 gnolls
  12 adders
  2 shadow imps (Sewer)
  2 ufetubi (Sewer)
  5 oozes (D:8)
  3 adder skeletons
  2 worms
  3 dart slugs
  9 leopard geckos
  17 orcs
  4 ball pythons
  A bat zombie (Sewer)
  8 giant cockroaches
  6 goblins
  11 hobgoblins
  14 jackals
  2 quokkas
  7 bats
  5 frilled lizards
  2 giant cockroach zombies (Sewer)
  21 kobolds
  2 kobold zombies (Sewer)
  A leopard gecko zombie (D:6)
  A quokka skeleton (D:4)
  A quokka zombie (D:5)
  19 rats
319 creatures vanquished.

Vanquished Creatures (others)
  4 fungi
  3 plants
7 creatures vanquished.

Grand Total: 326 creatures vanquished

Notes
Turn   | Place    | Note
-------+----------+-------------------------------------------
     0 | D:1      | Moloch the Vine Stalker Fighter began the quest for the Orb.
     0 | D:1      | Reached XP level 1. HP: 11/11 MP: 2/2
    34 | D:1      | Reached XP level 2. HP: 16/16 MP: 3/3
    75 | D:1      | Reached skill level 3 in Unarmed Combat
   148 | D:1      | Reached XP level 3. HP: 13/19 MP: 4/4
   774 | D:2      | Reached skill level 1 in Evocations
   774 | D:2      | Gained mutation: Your natural rate of healing is unusually fast. [Vine Stalker growth]
   774 | D:2      | Reached XP level 4. HP: 23/23 MP: 5/5
   791 | D:1      | Reached skill level 4 in Unarmed Combat
   829 | D:2      | Found a white marble altar of Elyvilon.
   829 | D:2      | Found a glowing golden altar of the Shining One.
   830 | D:2      | Found a glowing silver altar of Zin.
   929 | D:2      | Found a bloodstained altar of Trog.
   941 | D:2      | Found a blossoming altar of Fedhas.
   978 | D:2      | Reached XP level 5. HP: 23/27 MP: 7/7
  2037 | D:3      | Reached skill level 5 in Unarmed Combat
  2095 | D:3      | Found a shimmering altar of Xom.
  2125 | D:3      | Reached XP level 6. HP: 32/32 MP: 8/8
  2354 | D:4      | Noticed a phantom
  2368 | D:4      | Reached skill level 6 in Unarmed Combat
  2404 | D:4      | Killed a phantom
  2451 | D:4      | Reached XP level 7. HP: 32/35 MP: 7/9
  2685 | D:4      | Reached skill level 7 in Unarmed Combat
  2992 | D:5      | Entered Level 5 of the Dungeon
  3050 | D:5      | Reached skill level 8 in Unarmed Combat
  3076 | D:5      | Found a glowing drain.
  3087 | D:5      | Gained mutation: You have razor-sharp teeth. [Vine Stalker growth]
  3087 | D:5      | Reached XP level 8. HP: 36/39 MP: 9/11
  3116 | Sewer    | Entered a sewer
  3260 | Sewer    | Found a burning altar of Makhleb.
  3320 | Sewer    | Noticed Grinder
  3402 | Sewer    | Killed Grinder
  3402 | Sewer    | Reached skill level 9 in Unarmed Combat
  3631 | D:5      | Noticed Eustachio
  3639 | D:5      | Killed Eustachio
  3639 | D:5      | Reached skill level 10 in Unarmed Combat
  3734 | D:5      | Found an iron altar of Okawaru.
  3747 | D:5      | Reached XP level 9. HP: 44/44 MP: 12/12
  3749 | D:5      | Became a worshipper of Warmaster Okawaru
  3820 | D:5      | Reached skill level 11 in Unarmed Combat
  3861 | D:5      | Found an opulent altar of Gozag.
  4097 | D:5      | Reached * piety under Okawaru
  4351 | D:6      | Found a hide-covered altar of Uskayaw.
  4353 | D:6      | Noticed a hand axe
  4353 | D:6      | Noticed a hand axe
  4444 | D:6      | Noticed an oklob plant
  4507 | D:6      | Found a basalt altar of Yredelemnul.
  4530 | D:6      | Reached skill level 12 in Unarmed Combat
  4544 | D:6      | Found a staircase to the Ecumenical Temple.
  5042 | D:7      | Reached ** piety under Okawaru
  5183 | D:7      | Reached XP level 10. HP: 22/49 MP: 5/13
  5229 | D:7      | Found a snail-covered altar of Cheibriados.
  5345 | D:7      | Reached skill level 13 in Unarmed Combat
  5478 | D:8      | Found a hazy altar of Hepliaklqana.
  5491 | D:8      | Reached *** piety under Okawaru
  5685 | D:8      | Found a shimmering altar of Xom.
  5688 | D:8      | Found a radiant altar of Vehumet.
  5691 | D:8      | Found an ancient bone altar of Kikubaaqudgha.
  5865 | D:8      | Found a staircase to the Lair.
  5891 | D:8      | Reached skill level 14 in Unarmed Combat
  6290 | Lair:1   | Entered Level 1 of the Lair of Beasts
  6322 | Lair:1   | Reached **** piety under Okawaru
  6353 | Lair:1   | Noticed a spiny frog
  6366 | Lair:1   | Killed a spiny frog
  6366 | Lair:1   | Reached skill level 5 in Fighting
  6428 | Lair:1   | Reached XP level 11. HP: 49/55 MP: 12/14
  6777 | Lair:1   | Reached skill level 15 in Unarmed Combat
  7192 | Lair:2   | Reached ***** piety under Okawaru
  7262 | Lair:2   | Reached skill level 1 in Dodging
  7264 | Lair:2   | Received a gift from Okawaru
  7829 | Lair:2   | Reached skill level 16 in Unarmed Combat
  8080 | Lair:2   | Noticed Nergalle
  8288 | Lair:2   | Killed Nergalle
  8288 | Lair:2   | Gained mutation: You heal very quickly. [Vine Stalker growth]
  8288 | Lair:2   | Reached XP level 12. HP: 36/60 MP: 8/15
  8649 | Lair:3   | Noticed an eight-headed hydra
  8658 | Lair:3   | Killed an eight-headed hydra
  8716 | Lair:3   | Found a hole to the Spider Nest.
  8795 | Lair:3   | HP: 3/61 [tyrant leech (11)]
  8799 | Lair:3   | Demolished by a tyrant leech

Skill      XL: |  1  2  3  4  5  6  7  8  9 10 11 12 |
---------------+-------------------------------------+-----
Unarmed Combat | 3 4 5 6 8 10 12 14 16 | 16.5
Evocations     | 1 2 |  2.8
Fighting       | 3 5 6 |  6.1
Dodging        | 2 |  2.8
Armour         | 3 4 |  4.5
Shields        | |  2.6

Action                   |  1- 3 |  4- 6 |  7- 9 | 10-12 || total
-------------------------+-------+-------+-------+-------++-------
Melee: Unarmed           |   131 |   211 |   400 |   521 ||  1263
       Bite              |    24 |    56 |   115 |   194 ||   389
Invok: Heroism           |       |       |     2 |    10 ||    12
  Use: Scroll            |       |       |     1 |       ||     1
       Potion            |       |       |       |     1 ||     1
  Eat: Chunk             |       |     5 |     9 |    16 ||    30
       Ration            |       |       |     1 |       ||     1
Armor: Scale mail        |    47 |    19 |       |       ||    66
       Chain mail        |       |    70 |   166 |   176 ||   412
Dodge: Dodged            |    34 |    35 |    52 |    93 ||   214
Block: Shield            |    59 |    83 |   166 |   183 ||   491
